 Dungeon Crawl Stone Soup version 0.23.2 (webtiles) character file.

Game seed: 13332437310730337584

37 Yunesin the Chopper (level 3, -1/33 HPs)
             Began as a Minotaur Berserker on Apr 2, 2019.
             Was a Believer of Trog.
             Slain by a centaur (7 damage)
             ... on level 2 of the Dungeon.
             The game lasted 00:02:46 (859 turns).

Yunesin the Chopper (Minotaur Berserker)             Turns: 859, Time: 00:02:46

Health: -1/33      AC:  2    Str: 21    XL:     3   Next: 23%
Magic:  2/2        EV: 12    Int:  4    God:    Trog [**....]
Gold:   49         SH:  0    Dex: 10    Spells: 2/2 levels left

rFire    . . .     SeeInvis .   a - +0 hand axe
rCold    . . .     Gourm    .   (no shield)
rNeg     . . .     Faith    .   b - +0 animal skin
rPois    .         Spirit   .   (helmet restricted)
rElec    .         Reflect  .   (no cloak)
rCorr    .         Harm     .   (no gloves)
MR       .....                  (no boots)
Stlth    +.........             (no amulet)
HPRegen  0.11/turn              (no ring)
MPRegen  0.08/turn              (no ring)

@: no status effects
A: retaliatory headbutt, horns 2
a: Berserk, Trog's Hand, Renounce Religion


You were on level 2 of the Dungeon.
You worshipped Trog.
Trog was pleased with you.
You were not hungry.

You visited 1 branch of the dungeon, and saw 2 of its levels.

You collected 49 gold pieces.

Inventory:

Hand Weapons
 a - a +0 hand axe (weapon)
Armour
 b - a +0 animal skin (worn)
Scrolls
 e - a scroll of amnesia {unknown}
 i - a scroll of remove curse {unknown}
 j - a scroll of identify {unknown}
 k - a scroll of teleportation {unknown}
Potions
 f - a potion of degeneration {unknown}
 g - a potion of flight {unknown}
 h - 2 potions of ambrosia {unknown}
Comestibles
 c - a ration
 d - 5 chunks of flesh


   Skills:
 + Level 4.0 Fighting
 * Level 4.4 Axes
 + Level 3.0 Armour
 + Level 2.6 Dodging


You had 2 spell levels left.
You didn't know any spells.
Your spell library contained the following spells:

 Spells                   Type           Power        Failure   Level  Hunger
 Confusing Touch          Hex            #.....       50%         1    ##.....
 Confuse                  Hex            #.......     86%         3    ####...
 Gell's Gravitas          Tloc           #.........   86%         3    ####...
 Petrify                  Tmut/Erth      #.......     99%         4    #####..
 Metabolic Englaciation   Hex/Ice        #.........   100%        5    ######.
 Yara's Violent Unravell  Hex/Tmut       #.........   100%        5    ######.


Dungeon Overview and Level Annotations

Branches:
Dungeon (2/15)

Altars:


Innate Abilities, Weirdness & Mutations

You reflexively headbutt those who attack you in melee.
You have a pair of horns on your head.


Message History

Trog accepts your kill.
You can now call upon Trog for regeneration and magic resistance.
Your Armour skill increases to level 3!
The centaur unwields a +0 shortbow.
The centaur closely misses you. The centaur barely misses you.
Things that are here:
a +0 dagger; a kobold corpse You hit the centaur.
The centaur is moderately wounded.
The centaur hits you.
You hit the centaur.
The centaur is moderately wounded.
The centaur hits you. The centaur hits you!
* * * LOW HITPOINT WARNING * * *
You hit the centaur but do no damage.
The centaur is moderately wounded.
The centaur hits you.
* * * LOW HITPOINT WARNING * * *
The centaur hits you!
You die...

..............#
..............#
............#####
###..............
#..$().......$..
#.#....รท....#
#.(..<..).#
#....)....#
#.....@...#
......#c#..##
...........##r
###.#.###...... #
### #.#. #......#
%## #.. # #.
##..##..##.###..
#..##...#(.#.#
#..##.......#
#..# #.....##.#


You could see a centaur.

Vanquished Creatures
  A dart slug (D:2)
  A leopard gecko (D:1)
  An orc (D:2)
  2 giant cockroaches (D:1)
  3 goblins
  8 hobgoblins
  4 bats
  6 kobolds
  3 rats
29 creatures vanquished.

Notes
Turn   | Place    | Note
-------+----------+-------------------------------------------
     0 | D:1      | Yunesin the Minotaur Berserker began the quest for the Orb.
     0 | D:1      | Reached XP level 1. HP: 19/19 MP: 0/0
   210 | D:1      | Reached XP level 2. HP: 27/27 MP: 1/1
   562 | D:2      | Noticed a centaur
   807 | D:2      | Reached XP level 3. HP: 33/33 MP: 2/2
   855 | D:2      | Reached ** piety under Trog
   859 | D:2      | Slain by a centaur

Skill      XL: |  1  2  3 |
---------------+----------+-----
Axes           | 4 |  4.4
Fighting       | 4 |  4.0
Armour         | 3 |  3.0
Dodging        | |  2.6

Action                   || total
-------------------------++-------
Melee: Hand axe          ||    50
       Headbutt          ||     4
Armor: Animal skin       ||    10
Dodge: Dodged            ||    44
